 Dungeon Crawl Stone Soup version 0.21-a0-311-g9ae2175 (console) character file.

493 Gottschkopf the Ruffian (level 6, -4/47 HPs)
             Began as a Draconian Transmuter on Sept 29, 2017.
             Was a Follower of Sif Muna.
             Shot with an arrow by a centaur (15 damage)
             ... on level 5 of the Dungeon.
             The game lasted 00:13:09 (4825 turns).

Gottschkopf the Ruffian (Draconian Transmuter)      Turns: 4825, Time: 00:13:09

Health: -4/47      AC:  2    Str: 17    XL:     6   Next: 92%
Magic:  5/9        EV: 19    Int: 15    God:    Sif Muna [*.....]
Gold:   274        SH:  0    Dex: 16    Spells: 2/9 levels left

rFire    . . .     SeeInvis .     - Unarmed
rCold    . . .     Gourm    .   (shield currently unavailable)
rNeg     . . .     Faith    .   (armour unavailable)
rPois    x         Spirit   .   (helmet currently unavailable)
rElec    .         Reflect  .   (cloak currently unavailable)
rCorr    .         Harm     .   (gloves currently unavailable)
MR       .....                  (boots currently unavailable)
Stlth    +.........             (no amulet)
HPRegen  0.15/turn              d - +4 ring of strength
MPRegen  0.11/turn              (no ring)

@: spider-form (expiring)
A: unfitting armour, AC +6
a: End Transformation, Divine Energy, Renounce Religion


You were on level 5 of the Dungeon.
You worshipped Sif Muna.
Sif Muna was aware of your devotion.
You were not hungry.
You were a venomous arachnid creature.
You visited 1 branch of the dungeon, and saw 5 of its levels.

You collected 274 gold pieces.

Inventory:

Missiles
 a - 92 arrows (quivered)
Armour
 r - a +0 cloak (melded)
Jewellery
 d - a +4 ring of strength (left front leg)
Scrolls
 e - a scroll of enchant weapon {unknown}
 g - a scroll of recharging {unknown}
 k - a scroll of remove curse
 l - a scroll of immolation {unknown}
 p - 3 scrolls of identify {unknown}
 w - a scroll of magic mapping {unknown}
 x - a scroll of teleportation {unknown}
Potions
 f - 2 potions of flight {unknown}
 i - 2 potions of ambrosia {unknown}
 n - 2 potions of berserk rage {unknown}
 o - a potion of heal wounds {unknown}
 q - a potion of brilliance {unknown}
 s - 3 potions of curing {unknown}
 t - a potion of degeneration {unknown}
 v - a potion of agility {unknown}
Books
 b - a book of Changes

   Spells                             Type                      Level
   a - Beastly Appendage              Transmutation                1
   b - Sticks to Snakes               Transmutation                2
   c - Spider Form                    Transmutation/Poison         3
   d - Ice Form                       Ice/Transmutation            4
   e - Blade Hands                    Transmutation                5
 j - a book of Misfortune

   Spells                             Type                      Level
   a - Confusing Touch                Hexes                        1
   b - Confuse                        Hexes                        3
   c - Gell's Gravitas                Translocation                3
   d - Petrify                        Transmutation/Earth          4
   e - Metabolic Englaciation         Hexes/Ice                    5
   f - Yara's Violent Unravelling     Hexes/Transmutation          5
Comestibles
 c - a bread ration
 h - 6 fruits
 m - a royal jelly
 u - 5 chunks of flesh


   Skills:
 - Level 1.1 Fighting
 - Level 1.7 Dodging
 * Level 6.2 Unarmed Combat
 - Level 2.0 Spellcasting
 + Level 1.0 Hexes
 - Level 3.9 Transmutations
 - Level 2.6 Poison Magic


You had 2 spell levels left.
You knew the following spells:

 Your Spells              Type           Power        Failure   Level  Hunger
a - Beastly Appendage     Tmut           ##....       13%         1    #......
b - Sticks to Snakes      Tmut           ##......     19%         2    ###....
c - Spider Form           Tmut/Pois      ##........   36%         3    ###....
d - Confusing Touch       Hex            #.....       32%         1    #......


Dungeon Overview and Level Annotations

Branches:
Dungeon (5/15)
 Temple: D:4-7

Altars:
Cheibriados
Nemelex Xobeh
Qazlal
Ru
Sif Muna


Innate Abilities, Weirdness & Mutations

((Your plain brown scales are hard. (AC +6)))
You cannot fit into any form of body armour.
((You are cold-blooded and may be slowed by cold attacks.))


Message History

The centaur wields a shortbow.
The centaur shoots an arrow.
The arrow hits you.
Casting: Confusing Touch
Confirm with . or Enter, or press ? or * to list all spells.
Your feet morph into talons.
The centaur shoots an arrow.
The arrow hits you.
Casting: Beastly Appendage
Confirm with . or Enter, or press ? or * to list all spells.
Your talons disappear.
You turn into a venomous arachnid creature.
Your +0 cloak melds into your body.
The centaur shoots an arrow.
The arrow misses you.
The centaur shoots an arrow.
The arrow hits you!
The centaur shoots an arrow.
The arrow hits you.
You see here 2 arrows.
The centaur shoots an arrow.
The arrow hits you!
* * * LOW HITPOINT WARNING * * *
You see here an arrow.
Your transformation is almost over.
The centaur shoots an arrow.
The arrow barely misses you.
The centaur shoots an arrow.
The arrow hits you!
You die...

#..#...# .##
..#####......# .#
#.#..........# .#
#$#.###.####.# .#
##.#.###.####.# .#
.....##......# ..
#.#..###...#######
####.##.#..###.#........
.....c.s(((.(......#####
.###.#.......##.#..#
........%..##.#..#
#.##.##.......#..# ..
... ####.##.#..# ## .##.
#.......# . .<
.........# #. ####...###
#...


You could see a centaur.

Vanquished Creatures
  An ogre (D:4)
  4 orc priests
  A hound (D:4)
  A bullfrog skeleton (D:4)
  Natasha (twice) (D:3)
  A worker ant (D:4)
  A gnoll (D:1)
  4 adders
  2 oozes (D:1)
  2 worms (D:3)
  3 leopard geckos (D:3)
  13 orcs
  2 ball pythons
  5 bats
  5 giant cockroaches
  9 goblins
  4 hobgoblins
  12 jackals (D:3)
  6 kobolds
  2 quokkas (D:5)
  4 frilled lizards
  A leopard gecko skeleton (D:4)
  A quokka skeleton (D:5)
  5 rats
91 creatures vanquished.

Notes
Turn   | Place    | Note
-------+----------+-------------------------------------------
     0 | D:1      | Gottschkopf the Draconian Transmuter began the quest for the Orb.
     0 | D:1      | Reached XP level 1. HP: 16/16 MP: 3/3
    81 | D:1      | Reached XP level 2. HP: 12/23 MP: 3/5
   301 | D:1      | Learned a level 2 spell: Sticks to Snakes
   519 | D:1      | Reached skill level 4 in Unarmed Combat
   836 | D:1      | Reached XP level 3. HP: 24/28 MP: 4/6
   841 | D:1      | Learned a level 3 spell: Spider Form
  1554 | D:2      | Reached skill level 1 in Poison Magic
  1651 | D:2      | Found a deep blue altar of Sif Muna.
  1657 | D:2      | Became a worshipper of Sif Muna the Loreminder
  2131 | D:3      | Found a sparkling altar of Nemelex Xobeh.
  2263 | D:3      | Reached XP level 4. HP: 17/35 MP: 0/7
  2603 | D:3      | Noticed Natasha
  2612 | D:3      | Killed Natasha
  2612 | D:3      | Reached * piety under Sif Muna
  2612 | D:3      | Reached XP level 5. HP: 37/40 MP: 6/8
  3149 | D:3      | Noticed Natasha
  3159 | D:3      | Killed Natasha
  4106 | D:4      | Found a stormy altar of Qazlal.
  4116 | D:4      | Reached skill level 5 in Unarmed Combat
  4116 | D:4      | Reached XP level 6. HP: 47/47 MP: 1/9
  4197 | D:4      | Learned a level 1 spell: Confusing Touch
  4233 | D:4      | Found a sacrificial altar of Ru.
  4305 | D:4      | Reached skill level 6 in Unarmed Combat
  4354 | D:4      | Found a snail-covered altar of Cheibriados.
  4488 | D:4      | Reached skill level 1 in Hexes
  4770 | D:5      | Entered Level 5 of the Dungeon
  4825 | D:5      | Shot with an arrow by a centaur

Vault maps used:
D:1:      minmay_arrival_semitransparent
D:2:      led_sif_pool
D:3:      nemelex_xobeh_ov_fountains_minmay, minmay_item_behind_shaft,
          minmay_misc_feat_x, uniq_natasha
D:4:      lemuel_doored_altar, nicolae_ru_path_of_blood, grunt_qazlal_clouds
D:5:      old_standard_altar, first_bread, serial_shops, kennysheep_mini_moat

Skill      XL: |  1  2  3  4  5  6 |
---------------+-------------------+-----
Unarmed Combat | 4 5 6 |  6.2
Poison Magic   | 2 |  2.6
Transmutations | 3 |  3.9
Hexes          | 1 |  1.0
Fighting       | |  1.1
Dodging        | |  1.7
Spellcasting   | |  2.0

Action                   |  1- 3 |  4- 6 || total
-------------------------+-------+-------++-------
Melee: Unarmed           |    99 |   185 ||   284
       Headbutt          |     6 |    11 ||    17
       Tailslap          |    11 |    12 ||    23
       Kick              |     7 |    10 ||    17
       Punch             |     2 |     1 ||     3
 Cast: Beastly Appendage |    17 |    21 ||    38
       Sticks to Snakes  |     1 |       ||     1
       Spider Form       |     1 |     8 ||     9
       Confusing Touch   |       |     2 ||     2
 Abil: End Transformatio |       |     1 ||     1
  Use: Scroll            |     1 |       ||     1
 Stab: Sleeping          |     2 |       ||     2
       Confused          |       |     1 ||     1
  Eat: Chunk             |     5 |     5 ||    10
       Bread ration      |       |     1 ||     1
Armor: Skin              |    24 |    57 ||    81
Dodge: Dodged            |    68 |   120 ||   188

Table legend:
 A = Spawn XP
 B = Non-spawn XP
 C = Spawn XP percentage of total XP
 D = Spawn monster count
 E = Non-spawn monster count
 F = Spawn count percentage of total count
 G = Total turns spent on level
                    A         B        C        D         E        F      G
               +---------+---------+-------+---------+---------+-------+---------
         Total |       0 |     705 |   0.0 |       0 |      91 |   0.0 |  4825
               +---------+---------+-------+---------+---------+-------+---------
           D:1 |       0 |      57 |   0.0 |       0 |      20 |   0.0 |  1237
           D:2 |       0 |       4 |   0.0 |       0 |       3 |   0.0 |   792
           D:3 |       0 |     260 |   0.0 |       0 |      45 |   0.0 |  1984
           D:4 |       0 |     379 |   0.0 |       0 |      20 |   0.0 |   757
           D:5 |       0 |       5 |   0.0 |       0 |       3 |   0.0 |    55
               +---------+---------+-------+---------+---------+-------+---------
